 Dungeon Crawl Stone Soup version 0.20.0-7-g3b7b877 (webtiles) character file.

30 dvd the Grasshopper (level 3, -1/32 HPs)
             Began as a Naga Warper on May 29, 2017.
             Slain by a leopard gecko (4 damage)
             ... on level 2 of the Dungeon.
             The game lasted 00:04:27 (1354 turns).

dvd the Grasshopper (Naga Warper)                   Turns: 1354, Time: 00:04:28

Health: -1/32      AC:  3    Str: 13    XL:     3   Next: 20%
Magic:  4/6        EV:  9    Int: 13    God:
Gold:   28         SH:  4    Dex: 11    Spells: 2/6 levels left

rFire    . . .     SeeInvis +   a - +0 spear
rCold    . . .     Gourm    .   (no shield)
rNeg     . . .     Faith    .   b - +0 leather armour
rPois    +         Spirit   .   r - +0 helmet
rElec    .         Reflect  +   (no cloak)
rCorr    .         Harm     .   (no gloves)
MR       .....                  (no barding)
Stlth    +.........             i - +4 amulet of reflection
Regen    0.1/turn               l - ring of flight
MPRegen  0.1/turn               (no ring)

@: short of breath, very slow
A: see invisible, deformed body, poison resistance, slowness 2, slow metabolism
1, spit poison 1, AC +1
a: Spit Poison, Evoke Flight


You were on level 2 of the Dungeon.
You were near starving.

You visited 1 branch of the dungeon, and saw 2 of its levels.

You collected 28 gold pieces.

Inventory:

Hand Weapons
 a - a +0 spear (weapon)
Missiles
 e - 3 tomahawks of dispersal (quivered)
 q - 7 tomahawks
Armour
 b - a +0 leather armour (worn)
 r - a +0 helmet (worn)
Jewellery
 i - a +4 amulet of reflection (around neck)
 l - a ring of flight (left hand)
Scrolls
 d - a scroll of blinking
 g - a scroll of fear {unknown}
 h - a scroll of remove curse {unknown}
 j - a scroll of immolation {unknown}
 k - 4 scrolls of amnesia {unknown}
 n - 3 scrolls of identify {unknown}
Potions
 m - a potion of resistance {unknown}
 o - a potion of mutation {unknown}
 p - a potion of lignification {unknown}
Books
 c - a book of Spatial Translocations

   Spells                             Type                      Level
   a - Blink                          Translocation                2
   b - Shroud of Golubria             Charms/Translocation         2
   c - Lesser Beckoning               Translocation                3
   d - Gell's Gravitas                Translocation                3
   e - Teleport Other                 Translocation                3
   f - Passage of Golubria            Translocation                4
Comestibles
 f - 2 bread rations


   Skills:
 + Level 2.1 Fighting
 + Level 2.2 Polearms
 + Level 1.1 Throwing
 + Level 1.4 Armour
 + Level 1.9 Dodging
 + Level 2.1 Spellcasting
 + Level 0.2 Charms
 + Level 3.0 Translocations


You had 2 spell levels left.
You knew the following spells:

 Your Spells              Type           Power        Failure   Level  Hunger
a - Blink                 Tloc           N/A          14%         2    ###....
b - Shroud of Golubria    Chrm/Tloc      #.........   26%         2    ###....


Dungeon Overview and Level Annotations

Branches:
Dungeon (2/15)

Altars:


Innate Abilities, Weirdness & Mutations

You cannot wear boots.
Your serpentine skin is tough. (AC +1)
You have supernaturally acute eyesight. (SInv)
Armour fits poorly on your strangely shaped body.
Your system is resistant to poisons. (rPois)
You cover ground very slowly.
You have a slow metabolism.
You can spit poison.


Message History

You feel slightly more hungry. The kobold hits you with a short sword.
* * * LOW HITPOINT WARNING * * *
Unknown command.
Throwing (i - inventory. (,) - cycle):
e - 5 tomahawks of dispersal (quivered)
Press: ? - help, Shift-Dir - straight line, f/p - kobold
Aim: a kobold, wielding a short sword You throw a tomahawk of dispersal.
The leopard gecko hisses angrily.
The tomahawk of dispersal hits the kobold.
The kobold blinks!
The kobold is heavily wounded.
Unknown command.
Throwing (i - inventory. (,) - cycle):
e - 4 tomahawks of dispersal (quivered)
Press: ? - help, Shift-Dir - straight line, f/p - kobold
Aim: a kobold, wielding a short sword (heavily wounded)
You throw a tomahawk of dispersal.
The tomahawk of dispersal closely misses the kobold.
The leopard gecko hisses menacingly.
The leopard gecko bites you.
You die...

# ### #! ..#
#.#####.#######
#..........)..# ###
#.l@.##.#####.####..
#K..#>...........'..
#...###.#.#####.####..
#...## #...# #.# #..
... ##### #.# ### #.
#.# # #.# ###


You could see a leopard gecko and a kobold.

Vanquished Creatures
  An adder (D:2)
  5 bats
  2 giant cockroaches
  A hobgoblin (D:2)
  3 jackals (D:1)
  3 kobolds (D:1)
  2 frilled lizards (D:1)
  2 goblins
  2 rats (D:1)
21 creatures vanquished.

Notes
Turn   | Place    | Note
-------+----------+-------------------------------------------
     0 | D:1      | dvd the Naga Warper began the quest for the Orb.
     0 | D:1      | Reached XP level 1. HP: 19/19 MP: 3/3
   196 | D:1      | Reached skill level 1 in Throwing
   660 | D:1      | Reached XP level 2. HP: 26/26 MP: 5/5
   664 | D:1      | Reached skill level 1 in Armour
   805 | D:1      | Learned a level 2 spell: Blink
   808 | D:1      | Learned a level 2 spell: Shroud of Golubria
  1334 | D:2      | Reached XP level 3. HP: 12/32 MP: 1/6
  1354 | D:2      | Slain by a leopard gecko

Skill      XL: |  1  2 |
---------------+-------+-----
Throwing       | 1 |  1.1
Armour         | 1 |  1.4
Fighting       | |  2.1
Polearms       | |  2.2
Dodging        | |  1.9
Spellcasting   | |  2.1
Charms         | |  0.2
Translocations | |  3.0

Action                   || total
-------------------------++-------
Melee: Spear             ||    89
Throw: Tomahawk          ||     2
 Cast: Blink             ||     2
       Shroud of Golubri ||     2
 Abil: Spit Poison       ||    11
Armor: Leather armour    ||    25
Dodge: Dodged            ||    43
Block: Other             ||    10
